 Dungeon Sprint DCSS version 0.21-a0-49-g7bf2ba4 (webtiles) character file.

38563 Kidiri the Grappler (level 12, -15/133 HPs)
             Began as a Troll Monk on June 10, 2017.
             Was the Champion of Wu Jian.
             Demolished by a spriggan defender
             ... wielding a +0 dagger
              (28 damage)
             ... in the Dungeon (Sprint III: "The Ten Rune Challenge").
             The game lasted 00:32:17 (3709 turns).

Kidiri the Grappler (Troll Monk)                    Turns: 3709, Time: 00:32:18

Health: -15/133    AC: 10    Str: 29      XL:     12   Next: 90%
Magic:  19/19      EV: 17    Int:  6      God:    Wu Jian [******]
Gold:   2432       SH:  9    Dex: 18 (19) Spells: 20/22 levels left

rFire    + . .     SeeInvis .     - Unarmed
rCold    . . .     Gourm    +   c - +0 shield
rNeg     . . .     Faith    .   v - +2 robe {rF+}
rPois    .         Spirit   .   (helmet restricted)
rElec    +         Reflect  .   d - +1 cloak
rCorr    .         Harm     .   (gloves unavailable)
MR       .....     NoTele   +   (boots unavailable)
Stlth    +++++.....             (no amulet)
Regen    0.8/turn               t - ring of Huonk {Str+3 Dex+3}
MPRegen  0.2/turn               u - ring of flight

@: very slightly contaminated
A: unfitting armour, claws 3, deterioration 1, fast metabolism 3, gourmand,
regeneration 1, shaggy fur 1, electricity resistance, strong 2, tough skin 2,
evolution 1
}: 1/10 runes: serpentine
a: Serpent's Lash, Heavenly Storm, Renounce Religion, Evoke Flight


You were in the Dungeon.
You worshipped Wu Jian.
Wu Jian was exalted by your worship.
You were full.

You visited 1 branch You collected 3807 gold pieces.
You spent 1375 gold pieces at shops.

Inventory:

Missiles
 p - 6 javelins (quivered)
Armour
 c - a +0 shield (worn)
 d - a +1 cloak (worn)
 v - a +2 robe of fire resistance (worn)
Jewellery
 t - the ring of Huonk (left claw) {Str+3 Dex+3}
   (You bought it in a shop in the Dungeon)

   [ring of strength]

   It affects your strength (+3).
   It affects your dexterity (+3).
 u - a ring of flight (right claw)
Wands
 q - a wand of lightning (6/15)
Scrolls
 h - 2 scrolls of blinking
 i - a scroll of immolation
 k - 4 scrolls of remove curse
 m - a scroll of torment
 w - a scroll of magic mapping
 y - a scroll of identify
Potions
 e - a potion of ambrosia
 f - 2 potions of magic
 l - a potion of agility
 o - 2 potions of flight
 r - 3 potions of curing
 s - 3 potions of heal wounds
Books
 g - a book of Minor Magic

   Spells                             Type                      Level
   a - Magic Dart                     Conjuration                  1
   b - Blink                          Translocation                2
   c - Call Imp                       Summoning                    2
   d - Slow                           Hexes                        2
   e - Conjure Flame                  Conjuration/Fire             3
   f - Mephitic Cloud                 Conjuration/Poison/Air       3
Comestibles
 b - 4 bread rations
 j - 25 royal jellies
 n - a meat ration


   Skills:
 * Level 12.8 Fighting
 + Level 6.8 Throwing
 + Level 8.9 Armour
 * Level 12.6 Dodging
 * Level 9.8 Stealth
 + Level 1.7 Shields
 * Level 14.7 Unarmed Combat
 + Level 5.7 Spellcasting
 + Level 6.9 Evocations


You had 20 spell levels left.
You knew the following spells:

 Your Spells              Type           Power        Failure   Level  Hunger
a - Blink                 Tloc           N/A          89%         2    ###....


Dungeon Overview and Level Annotations

Branches:
Dungeon (1/1)

Altars:
Cheibriados
Dithmenos
Elyvilon
Fedhas
Gozag
Hepliaklqana
Kikubaaqudgha
Makhleb
Nemelex Xobeh
Okawaru
Qazlal
Ru
Sif Muna
Trog
Uskayaw
Vehumet
Wu Jian
Xom
Yredelemnul
Zin
The Shining One
Beogh
Jiyva
Lugonu

Shops:
D :[%[%!}(=*[(:=?(

Annotations:
D exclusions: 5 doors and 2 more exclusions


Innate Abilities, Weirdness & Mutations

You are too large for most types of armour.
You have claws for hands.
Your metabolism is lightning-fast.
You like to eat raw meat.
Your natural rate of healing is unusually fast.
You are covered in fur. (AC +1)
You have very tough skin. (AC +2)
Your body sometimes deteriorates upon taking damage.
You are resistant to electric shocks. (rElec)
Your muscles are very strong. (Str +4)
You evolve.


Message History

You block the spriggan defender's attack.
The spriggan defender barely misses you.
You block the spriggan defender's attack.
The spriggan defender hits you with a dagger!
* * * LOW HITPOINT WARNING * * *
The spriggan defender shouts!
Blink to where?
Press: ? - help, Dir - move target cursor You are very lightly contaminated with residual magic.
As you read the scroll of blinking, it crumbles to dust.
The spriggan defender hits the plant with a dagger!
You mangle the spriggan defender!!
The spriggan defender is heavily wounded.
The spriggan defender closely misses you.
The spriggan defender barely misses you.
Unknown command.
The spriggan defender hits the plant with a dagger!!
The spriggan defender hits the plant but does no damage.
The spriggan defender hits you with a dagger!!
You die...

#'##### #.....+
#.#############
#.#%PP........+
#.#PP.....########
#.#Pi.§.###.∩⌠⌠∩.#
#.#ii.###.#.∩⌠⌠∩.#
#.#i###§..#.∩∩∩∩[#
#.#@#§.§.§#.∩∩∩∩.#
#.#§..§§§.#......#
#§#§§§§§§§###++###
#§§.§§§§§§#§§..⌠.#
#########§#§.§...#
#8#8#8#.§§.....#
.....§..§§.....#
...§...§.......#
#+##############


You could see 4 spriggan defenders.

Vanquished Creatures
  Rupert (D)
  Harold (D)
  A nagaraja (D)
  Erolcha (D)
  A naga warrior (D)
  An anaconda (D)
  4 death yaks (D)
  Urug (D)
  An orange crystal statue (D)
  Joseph (D)
  A lindwurm (D)
  5 deep elf magi (D)
  An orc knight (D)
  8 black mambas (D)
  A guardian serpent (D)
  2 spiny frogs (D)
  A rime drake (D)
  A komodo dragon (D)
  3 wandering mushrooms (D)
  A queen bee (D)
  8 blink frogs (D)
  2 orc high priests (D)
  2 tyrant leeches (D)
  5 redbacks (D)
  A shadow (D)
  A spatial vortex (D)
  2 nagas (D)
  4 water moccasins (D)
  A swamp drake (D)
  A necrophage (D)
  5 two-headed ogres (D)
  A water elemental (D)
  32 killer bees (D)
  Crazy Yiuf (D)
  7 orc priests (D)
  A jelly (D)
  A wizard (D)
  A necromancer (D)
  An orc wizard (D)
  3 humans (D)
  A kobold demonologist (D)
  3 adders (D)
  2 oozes (D)
  10 orcs (D)
  A goblin (D)
  2 rats (D)
  6 ballistomycetes (D)
  5 plants (D)
147 creatures vanquished.

Vanquished Creatures (others)
  2 draconian scorchers (D)
  6 hellions (D)
  3 yaktaurs (D)
  A ballistomycete spore (D)
  4 plants (D)
16 creatures vanquished.

Grand Total: 163 creatures vanquished

Notes
Turn   | Place    | Note
-------+----------+-------------------------------------------
     0 | D        | Kidiri the Troll Monk began the quest for the Orb.
     0 | D        | Reached XP level 1. HP: 22/22 MP: 0/0
     9 | D        | Reached XP level 2. HP: 29/29 MP: 1/1
    47 | D        | Killed a yaktaur
    49 | D        | Reached skill level 1 in Armour
    49 | D        | Reached skill level 4 in Unarmed Combat
    49 | D        | Reached XP level 3. HP: 19/37 MP: 2/2
    66 | D        | Killed a hellion
    89 | D        | Noticed Crazy Yiuf
    93 | D        | Killed a hellion
   101 | D        | Killed a hellion
   102 | D        | Killed a hellion
   106 | D        | Paralysed by Crazy Yiuf for 2 turns
   109 | D        | Killed Crazy Yiuf
   132 | D        | Killed a yaktaur
   157 | D        | Killed a yaktaur
   171 | D        | Gained mutation: You possess an exceptional clarity of mind. [potion of mutation]
   172 | D        | Lost mutation: You possess an exceptional clarity of mind. [potion of mutation]
   172 | D        | Gained mutation: You are resistant to hostile enchantments. (MR+) [potion of mutation]
   172 | D        | Gained mutation: You passively map a small area around you. [potion of mutation]
   173 | D        | Lost mutation: You are resistant to hostile enchantments. (MR+) [potion of mutation]
   173 | D        | Lost mutation: You passively map a small area around you. [potion of mutation]
   173 | D        | Gained mutation: You are partially covered in yellow scales. (AC +2) [potion of mutation]
   173 | D        | Gained mutation: Your mind is acute. (Int +2) [potion of mutation]
   174 | D        | Lost mutation: Your mind is acute. (Int +2) [potion of mutation]
   174 | D        | Lost mutation: You are partially covered in yellow scales. (AC +2) [potion of mutation]
   174 | D        | Gained mutation: You have a pair of small horns on your head. [potion of mutation]
   174 | D        | Gained mutation: You are partially covered in iridescent scales. (AC +2) [potion of mutation]
   175 | D        | Lost mutation: You have a pair of small horns on your head. [potion of mutation]
   175 | D        | Lost mutation: You are partially covered in iridescent scales. (AC +2) [potion of mutation]
   175 | D        | Gained mutation: Your spells are a little easier to cast, but a little less powerful. [potion of mutation]
   175 | D        | Gained mutation: Your muscles are strong. (Str +2) [potion of mutation]
   176 | D        | Lost mutation: Your spells are a little easier to cast, but a little less powerful. [potion of mutation]
   176 | D        | Lost mutation: Your muscles are strong. (Str +2) [potion of mutation]
   176 | D        | Gained mutation: Your body sometimes deteriorates upon taking damage. [potion of mutation]
   176 | D        | Gained mutation: Your muscles are strong. (Str +2) [potion of mutation]
   176 | D        | Gained mutation: You are resistant to electric shocks. (rElec) [potion of mutation]
   207 | D        | Noticed a water elemental
   210 | D        | Killed a water elemental
   210 | D        | Reached skill level 5 in Unarmed Combat
   210 | D        | Reached XP level 4. HP: 48/48 MP: 3/3
   218 | D        | Found an ornate altar of the Wu Jian Council.
   218 | D        | Found an iron altar of Okawaru.
   219 | D        | Found a roughly hewn altar of Beogh.
   219 | D        | Found a bloodstained altar of Trog.
   219 | D        | Found a hide-covered altar of Uskayaw.
   219 | D        | Noticed a human
   219 | D        | Noticed a human
   221 | D        | Became a worshipper of the Wu Jian Council
   221 | D        | Reached * piety under Wu Jian
   221 | D        | Reached ** piety under Wu Jian
   229 | D        | Killed a human
   229 | D        | Reached skill level 5 in Fighting
   229 | D        | Reached skill level 5 in Dodging
   229 | D        | Reached skill level 6 in Unarmed Combat
   229 | D        | Reached XP level 5. HP: 24/57 MP: 4/4
   229 | D        | Killed a hellion
   236 | D        | Killed a human
   236 | D        | Reached skill level 7 in Unarmed Combat
   236 | D        | Reached XP level 6. HP: 16/67 MP: 5/5
   241 | D        | Killed a white draconian scorcher
   242 | D        | Killed a white draconian scorcher
   284 | D        | Killed a hellion
   322 | D        | Found a glowing silver altar of Zin.
   323 | D        | Found a glowing golden altar of the Shining One.
   323 | D        | Found a white marble altar of Elyvilon.
   323 | D        | Noticed a deep elf mage
   344 | D        | Killed a deep elf mage
   344 | D        | Reached skill level 5 in Stealth
   344 | D        | Reached skill level 8 in Unarmed Combat
   344 | D        | Reached XP level 7. HP: 29/78 MP: 6/6
   445 | D        | Found a radiant altar of Vehumet.
   446 | D        | Found a deep blue altar of Sif Muna.
   446 | D        | Found an ancient bone altar of Kikubaaqudgha.
   447 | D        | Reached *** piety under Wu Jian
   462 | D        | Learned a level 2 spell: Blink
   479 | D        | Found a shadowy altar of Dithmenos.
   480 | D        | Found a basalt altar of Yredelemnul.
   480 | D        | Found a sacrificial altar of Ru.
   486 | D        | Reached skill level 9 in Unarmed Combat
   498 | D        | Noticed a shadow
   502 | D        | Reached XP level 8. HP: 76/87 MP: 7/7
   504 | D        | Reached **** piety under Wu Jian
   533 | D        | Found a blossoming altar of Fedhas.
   533 | D        | Found a stormy altar of Qazlal.
   533 | D        | Found a snail-covered altar of Cheibriados.
   533 | D        | Found a burning altar of Makhleb.
   533 | D        | Found a shimmering altar of Xom.
   534 | D        | Found a hazy altar of Hepliaklqana.
   534 | D        | Found an opulent altar of Gozag.
   534 | D        | Found a sparkling altar of Nemelex Xobeh.
   534 | D        | Found a corrupted altar of Lugonu.
   534 | D        | Found a viscous altar of Jiyva.
   535 | D        | Reached skill level 1 in Spellcasting
   535 | D        | Reached skill level 1 in Evocations
   569 | D        | Reached skill level 5 in Armour
   644 | D        | Noticed a two-headed ogre
   651 | D        | Killed a two-headed ogre
   689 | D        | Noticed a two-headed ogre
   689 | D        | Noticed Erolcha
   695 | D        | Killed Erolcha
   695 | D        | Reached skill level 10 in Unarmed Combat
   695 | D        | Reached XP level 9. HP: 67/97 MP: 9/11
   700 | D        | Killed a two-headed ogre
   700 | D        | Reached ***** piety under Wu Jian
   937 | D        | Reached ****** piety under Wu Jian
   951 | D        | Reached skill level 11 in Unarmed Combat
   957 | D        | Reached XP level 10. HP: 8/107 MP: 13/13
  1138 | D        | Reached skill level 1 in Throwing
  1417 | D        | Reached skill level 10 in Fighting
  1443 | D        | Noticed a spiny frog
  1443 | D        | Noticed a spiny frog
  1445 | D        | Killed a spiny frog
  1447 | D        | Killed a spiny frog
  1550 | D        | Reached skill level 10 in Dodging
  1565 | D        | Noticed a lindwurm
  1578 | D        | Killed a lindwurm
  1578 | D        | Reached skill level 12 in Unarmed Combat
  1725 | D        | Noticed Urug
  1732 | D        | Killed Urug
  1732 | D        | Reached XP level 11. HP: 119/119 MP: 15/15
  1834 | D        | Noticed Joseph
  1863 | D        | Found Bethao's Antique Armour Shop.
  1863 | D        | Noticed an orc knight
  1868 | D        | Killed an orc knight
  1974 | D        | Noticed a deep elf mage
  1974 | D        | Noticed a deep elf mage
  1974 | D        | Noticed a deep elf mage
  1974 | D        | Noticed a deep elf mage
  1974 | D        | Noticed a deep elf mage
  1981 | D        | Killed a deep elf mage
  1981 | D        | Reached skill level 5 in Evocations
  1988 | D        | Killed a deep elf mage
  1992 | D        | Killed a deep elf mage
  1996 | D        | Killed a deep elf mage
  2059 | D        | Noticed a deep elf high priest
  2060 | D        | Noticed a deep elf high priest
  2140 | D        | Noticed Rupert
  2144 | D        | Paralysed by Rupert for 7 turns
  2153 | D        | Killed Rupert
  2153 | D        | Reached skill level 13 in Unarmed Combat
  2274 | D        | Noticed a death yak
  2275 | D        | Noticed a death yak
  2279 | D        | Noticed a death yak
  2280 | D        | Killed a death yak
  2280 | D        | Reached skill level 5 in Throwing
  2281 | D        | Noticed a death yak
  2282 | D        | Killed a death yak
  2293 | D        | Killed a death yak
  2293 | D        | Reached XP level 12. HP: 104/132 MP: 18/18
  2295 | D        | Reached skill level 5 in Spellcasting
  2311 | D        | Killed a death yak
  2337 | D        | Noticed an azure jelly
  2337 | D        | Noticed an azure jelly
  2794 | D        | Reached skill level 14 in Unarmed Combat
  2842 | D        | Noticed an anaconda
  2855 | D        | Killed an anaconda
  3033 | D        | Noticed a naga warrior
  3033 | D        | Noticed a nagaraja
  3049 | D        | Killed a nagaraja
  3059 | D        | Killed a naga warrior
  3071 | D        | Found Fant's Book Boutique.
  3071 | D        | Found Ixat's Antique Armour Emporium.
  3073 | D        | Found Xotystru's Food Shop.
  3083 | D        | Bought a shield for 108 gold pieces
  3100 | D        | Gained mutation: You evolve. [mutagenic meat]
  3101 | D        | Gained mutation: Your muscles are very strong. (Str +4) [mutagenic meat]
  3104 | D        | Got a serpentine rune of Zot
  3238 | D        | Noticed Harold
  3241 | D        | Killed Harold
  3241 | D        | Reached skill level 1 in Shields
  3249 | D        | Killed Joseph
  3598 | D        | Found Buruc's General Store.
  3598 | D        | Found Leihut's Antique Weapon Shop.
  3598 | D        | Found Nadd's Antique Weapon Shoppe.
  3598 | D        | Found Namek's Jewellery Boutique.
  3598 | D        | Found Duaps's Antique Armour Emporium.
  3598 | D        | Found Neutixae's Magic Scroll Shop.
  3598 | D        | Found Cigare's Jewellery Emporium.
  3598 | D        | Found Cestok's Book Boutique.
  3599 | D        | Found Fereudd's Weapon Boutique.
  3599 | D        | Found Quaciu's Gadget Shoppe.
  3599 | D        | Found Neaxett's Distillery.
  3599 | D        | Found Qivon's Food Emporium.
  3614 | D        | Bought a potion of curing for 42 gold pieces
  3614 | D        | Bought a potion of curing for 42 gold pieces
  3614 | D        | Bought 2 potions of heal wounds for 140 gold pieces
  3614 | D        | Bought a potion of curing for 42 gold pieces
  3614 | D        | Bought a potion of heal wounds for 70 gold pieces
  3637 | D        | Bought the ring of Huonk {Str+3 Dex+3} for 290 gold pieces
  3637 | D        | Bought an uncursed ring of flight for 175 gold pieces
  3646 | D        | Bought a scroll of identify for 22 gold pieces
  3649 | D        | Bought a glowing robe for 81 gold pieces
  3662 | D        | Bought a scroll of magic mapping for 45 gold pieces
  3662 | D        | Bought a scroll of enchant armour for 97 gold pieces
  3662 | D        | Bought 2 scrolls of blinking for 195 gold pieces
  3662 | D        | Bought a scroll of identify for 26 gold pieces
  3709 | D        | Demolished by a spriggan defender

Vault maps used:
D:        dungeon_sprint_mu

Skill      XL: |  1  2  3  4  5  6  7  8  9 10 11 12 |
---------------+-------------------------------------+-----
Dodging        | 3 4 5 6 7 8 9 10 11 12 | 12.6
Fighting       | 3 4 5 6 7 8 9 10 11 12 | 12.8
Armour         | 1 2 3 4 5 6 7 8 |  8.9
Unarmed Combat | 4 5 6 7 8 9 10 11 12 13 14 | 14.7
Stealth        | 2 3 4 5 6 7 8 9 |  9.8
Spellcasting   | 2 3 4 5 |  5.7
Evocations     | 2 3 4 5 6 |  6.9
Throwing       | 3 5 6 |  6.8
Shields        | 1 |  1.7

Action                   |  1- 3 |  4- 6 |  7- 9 | 10-12 || total
-------------------------+-------+-------+-------+-------++-------
Melee: Unarmed           |    27 |    30 |   132 |   324 ||   513
       Punch             |       |       |     4 |    22 ||    26
Throw: Throwing net      |       |       |       |     2 ||     2
       Javelin           |       |       |       |     4 ||     4
Invok: Serpent's Lash    |       |       |     2 |    11 ||    13
       Heavenly Storm    |       |       |       |    10 ||    10
  Use: Potion            |     7 |     2 |     2 |       ||    11
       Scroll            |     3 |       |       |     3 ||     6
 Stab: Sleeping          |     1 |     1 |     3 |    10 ||    15
       Invisible         |     1 |       |       |       ||     1
       Held in net/web   |       |       |       |     2 ||     2
       Distracted        |       |       |       |     3 ||     3
  Eat: Chunk             |     4 |     4 |     6 |    25 ||    39
Armor: Robe              |     7 |     3 |     9 |    29 ||    48
       Skin              |     4 |       |       |       ||     4
Dodge: Dodged            |     9 |     8 |    95 |   131 ||   243
Block: Shield            |       |       |       |     4 ||     4
